 Dungeon Crawl Stone Soup version 0.31-a0-167-g1c394c0614 (webtiles) character file.

Game seed: 3765144231198152269

676 qw the Shooter (level 7, -2/64 HPs)
             Began as a Naga Hunter on June 14, 2023.
             Slain by an orc warrior
             ... wielding a +0 glaive
              (12 damage)
             ... on level 7 of the Dungeon.
             The game lasted 00:01:01 (3321 turns).

qw the Shooter (Naga Hunter)                        Turns: 3321, Time: 00:01:02

Health: -2/64      AC:  6    Str: 14    XL:     7   Next: 59%
Magic:  0/2        EV: 10    Int:  9    God:
Gold:   224        SH:  0    Dex: 16    Spells: 6/6 levels left

rFire   . . .        Y - +1 hand crossbow (antimagic)
rCold   . . .        (no shield)
rNeg    . . .        c - +0 leather armour
rPois   +            f - +0 helmet
rElec   .            (no cloak)
rCorr   +            h - +0 pair of gloves
SInv    +            (no barding)
Will    .....        d - amulet of guardian spirit
Stlth   ++           i - ring of resist corrosion
HPRegen 0.30/turn    (no ring)
MPRegen 0.08/turn

%: guardian spirit
@: about to teleport, short of breath, very slow
A: AC +2, large, see invisible, deformed body, poison resistance, slowness 2,
spit poison 1, naga tail 1
a: Spit Poison


You were on level 7 of the Dungeon.
You visited 1 branch of the dungeon, and saw 5 of its levels.

You collected 224 gold pieces.


Innate Abilities, Weirdness & Mutations

Your serpentine skin is tough. (AC +2)
You have supernaturally acute eyesight. (SInv)
Armour fits poorly on your strangely shaped body.
Your system is resistant to poisons. (rPois)
You cover ground very slowly.
You can spit poison.
You have a snake-like lower body.


   Skills:
 - Level 4.0 Fighting
 + Level 7.3 Ranged Weapons
 - Level 1.0 Armour
 - Level 2.0 Dodging
 - Level 1.5 Stealth


You had 6 spell levels left.
You didn't know any spells.
Your spell library was empty.

Inventory:

Hand Weapons
 Y - a +1 antimagic hand crossbow (weapon)
Armour
 c - a +0 leather armour (worn)
 f - a +0 helmet (worn)
 h - a +0 pair of gloves (worn)
Jewellery
 d - an amulet of guardian spirit (around neck)
 i - a ring of resist corrosion (left hand)
Scrolls
 a - a scroll of fear {unknown}
 g - a scroll of identify
 j - a scroll of teleportation
Potions
 b - a potion of curing
 e - a potion of heal wounds {unknown}
 k - a potion of cancellation {unknown}
 l - a potion of lignification {unknown}

Dungeon Overview and Level Annotations

Branches:
Dungeon (4/15)
 Temple: D:4-7

Altars:
Makhleb
The Shining One

Annotations:
D:3 3 runed translucent doors, qw's ghost, amateur GrHu


Message History

The orc priest closely misses you.
3316 ||| INVOKING Spit Poison.
Aiming: Spit Poison (1% risk of failure)
Press: ? - help, Shift-Dir - straight line, f/p - orc priest The splash of poison misses the orc priest.
The splash of poison hits the orc warrior but does no damage.
The orc warrior is poisoned.
The orc priest calls upon Beogh to heal the orc warrior.
The orc warrior's wounds heal themselves!
You shoot a bolt. The bolt hits the orc priest.
The orc priest is severely wounded.
The orc warrior hits you from afar with a +0 glaive!
You shoot a bolt. The bolt hits the orc priest!
You kill the orc priest!
You have got your breath back.
The orc warrior barely misses you. The orc wizard casts a spell at you.
The magic dart hits you!
The orc warrior hits you from afar with a +0 glaive.
3319 ||| INVOKING Spit Poison.
Aiming: Spit Poison (1% risk of failure)
Press: ? - help, Shift-Dir - straight line, f - orc wizard The splash of poison misses the orc wizard.
The splash of poison hits the orc warrior.
The orc warrior looks even sicker.
The orc warrior is lightly wounded.
The orc warrior closely misses you.
The orc priest calls down the wrath of Beogh upon you.
Beogh smites you!
You shoot a bolt.
The bolt hits the orc wizard but does no damage.
The orc warrior hits you from afar with a +0 glaive!
The orc hits you with a +0 flail. The orc wizard casts a spell at you.
The magic dart hits you.
3321 ||| READING 2 scrolls of teleportation.
As you read the scroll of teleportation, it crumbles to dust.
You feel strangely unstable.
The orc warrior hits you from afar with a +0 glaive!
You die...

..........##.<..
.......
....#.....##....
.......
#.###.....##....#
.......
.......#'###.....
.....).
########.#.......
..!....
#.#.#.....#o).....
#.#........o..o...
#.########o#
#........@o#
############


You could see an orc warrior (very poisoned), an orc priest, an orc wizard
(invisible) and an orc.

Vanquished Creatures
  A water moccasin (D:3)
  2 centaurs (D:4)
  3 scorpions
  A gnoll bouda (D:7)
  2 orc priests (D:7)
  An orc wizard (D:7)
  4 gnolls (D:7)
  An adder (D:2)
  An ufetubus (D:4)
  A worm (D:2)
  A dart slug (D:1)
  5 orcs
  2 bats
  3 endoplasms
  3 giant cockroaches
  5 goblins
  5 hobgoblins
  4 jackals (D:2)
  2 quokkas (D:1)
  4 ball pythons
  7 frilled lizards
  6 kobolds
  5 rats
69 creatures vanquished.

Notes
Turn   | Place    | Note
-------+----------+-------------------------------------------
     0 | D:1      | qw the Naga Hunter began the quest for the Orb.
     0 | D:1      | Reached XP level 1. HP: 19/19 MP: 1/1
     0 | D:1      | 0 ||| qw: Version: 0.2-a-29-g1fa15c8
     0 | D:1      | 0 ||| qw: Game counter: 4913
     0 | D:1      | 0 ||| qw: Always use a shield: true
     0 | D:1      | 0 ||| qw: God list: Okawaru
     0 | D:1      | 0 ||| qw: Allow faded altars: false
     0 | D:1      | 0 ||| qw: Do Orc after D:15 true
     0 | D:1      | 0 ||| qw: Do second Lair branch before Depths: true
     0 | D:1      | 0 ||| qw: Lair rune preference: random
     0 | D:1      | 0 ||| qw: Plans: Normal
     0 | D:1      | 0 ||| PLANNING D:1-11
    88 | D:1      | 88 ||| INVOKING Spit Poison.
    89 | D:1      | 89 ||| INVOKING Spit Poison.
   103 | D:1      | 103 ||| INVOKING Spit Poison.
   119 | D:1      | 119 ||| INVOKING Spit Poison.
   124 | D:1      | 124 ||| INVOKING Spit Poison.
   136 | D:1      | 136 ||| DRINKING 2 glowing green potions.
   137 | D:1      | 137 ||| DROPPING scroll of butterflies.
   138 | D:1      | 138 ||| DROPPING potion of magic.
   144 | D:1      | 144 ||| INVOKING Spit Poison.
   159 | D:1      | 159 ||| INVOKING Spit Poison.
   160 | D:1      | Reached skill level 4 in Ranged Weapons
   160 | D:1      | Reached XP level 2. HP: 26/26 MP: 2/2
   165 | D:1      | 165 ||| INVOKING Spit Poison.
   169 | D:1      | 169 ||| INVOKING Spit Poison.
   174 | D:1      | 174 ||| INVOKING Spit Poison.
   251 | D:1      | 251 ||| INVOKING Spit Poison.
   369 | D:1      | 369 ||| INVOKING Spit Poison.
   381 | D:1      | 381 ||| INVOKING Spit Poison.
   456 | D:1      | 456 ||| INVOKING Spit Poison.
   473 | D:1      | 473 ||| INVOKING Spit Poison.
   485 | D:1      | 485 ||| INVOKING Spit Poison.
   495 | D:1      | 495 ||| INVOKING Spit Poison.
   618 | D:1      | 618 ||| INVOKING Spit Poison.
   650 | D:1      | Reached XP level 3. HP: 32/32 MP: 3/3
   772 | D:1      | 772 ||| INVOKING Spit Poison.
   909 | D:1      | 909 ||| UPGRADING to +0 helmet.
   914 | D:1      | 914 ||| UPGRADING to amulet of guardian spirit.
   919 | D:1      | 919 ||| READING scroll labelled NEUZ XAEZAUMMO.
   968 | D:2      | 968 ||| INVOKING Spit Poison.
  1025 | D:2      | 1025 ||| INVOKING Spit Poison.
  1030 | D:2      | 1030 ||| INVOKING Spit Poison.
  1036 | D:2      | 1036 ||| INVOKING Spit Poison.
  1083 | D:2      | 1083 ||| INVOKING Spit Poison.
  1121 | D:2      | 1121 ||| INVOKING Spit Poison.
  1216 | D:2      | 1216 ||| INVOKING Spit Poison.
  1228 | D:2      | 1228 ||| INVOKING Spit Poison.
  1240 | D:2      | 1240 ||| INVOKING Spit Poison.
  1316 | D:2      | 1316 ||| INVOKING Spit Poison.
  1374 | D:2      | 1374 ||| UPGRADING to +0 antimagic hand crossbow.
  1375 | D:2      | 1375 ||| DROPPING +0 shortbow.
  1400 | D:2      | 1400 ||| INVOKING Spit Poison.
  1504 | D:2      | 1504 ||| INVOKING Spit Poison.
  1621 | D:2      | 1621 ||| UPGRADING to ring of resist corrosion.
  1622 | D:2      | 1622 ||| READING scroll labelled LECENE JOTIPO.
  1626 | D:2      | 1626 ||| READING scroll labelled DYCVUR LORO.
  1627 | D:2      | 1627 ||| READING 2 scrolls labelled NAOKIN MANGACKI.
  1628 | D:2      | 1628 ||| READING scroll labelled OGIEKK NUIPSOH.
  1629 | D:2      | 1629 ||| READING scroll labelled LAUM OZXUQ YPS.
  1630 | D:2      | 1630 ||| DRINKING 2 blue potions.
  1631 | D:2      | 1631 ||| DROPPING potion of attraction.
  1777 | D:3      | Found a burning altar of Makhleb.
  1779 | D:3      | Noticed a cacodemon
  1783 | D:3      | Noticed a ynoxinul
  1783 | D:3      | Noticed a hellwing
  1826 | D:3      | 1826 ||| INVOKING Spit Poison.
  1829 | D:3      | Reached skill level 5 in Ranged Weapons
  1829 | D:3      | Reached XP level 4. HP: 39/39 MP: 1/4
  1850 | D:3      | Noticed a scorpion
  1851 | D:3      | 1851 ||| INVOKING Spit Poison.
  1854 | D:3      | 1854 ||| INVOKING Spit Poison.
  1856 | D:3      | Killed a scorpion
  1857 | D:3      | Reached skill level 3 in Fighting
  1857 | D:3      | Reached XP level 5. HP: 43/49 MP: 1/5
  1859 | D:3      | 1859 ||| INVOKING Spit Poison.
  1980 | D:3      | Noticed a water moccasin
  1984 | D:3      | Killed a water moccasin
  2106 | D:3      | Found a runed translucent gate.
  2106 | D:3      | Found a runed translucent gate.
  2106 | D:3      | Found a runed translucent gate.
  2109 | D:3      | Noticed qw's ghost (amateur GrHu)
  2392 | D:3      | Reached XP level 6. HP: 56/56 MP: 2/6
  2393 | D:3      | 2393 ||| INVOKING Spit Poison.
  2413 | D:3      | 2413 ||| INVOKING Spit Poison.
  2439 | D:3      | Found a glowing golden altar of the Shining One.
  2441 | D:3      | 2441 ||| UPGRADING to +0 pair of gloves.
  2446 | D:3      | 2446 ||| DRINKING 2 lumpy sapphire potions.
  2456 | D:3      | 2456 ||| READING 2 scrolls of identify.
  2456 | D:3      | 2456 ||| IDENTIFYING gluggy blue potion
  2457 | D:3      | 2457 ||| DROPPING potion of ambrosia.
  2511 | D:4      | 2511 ||| INVOKING Spit Poison.
  2512 | D:4      | 2512 ||| INVOKING Spit Poison.
  2515 | D:4      | Reached skill level 6 in Ranged Weapons
  2585 | D:4      | 2585 ||| INVOKING Spit Poison.
  2619 | D:4      | 2619 ||| INVOKING Spit Poison.
  2622 | D:4      | 2622 ||| INVOKING Spit Poison.
  2672 | D:4      | 2672 ||| Stepping ~*~*~tactically~*~*~ (outnumbered).
  2673 | D:4      | 2673 ||| INVOKING Spit Poison.
  2678 | D:4      | 2678 ||| INVOKING Spit Poison.
  2679 | D:4      | Reached skill level 7 in Ranged Weapons
  2679 | D:4      | Reached XP level 7. HP: 41/64 MP: 1/7
  3096 | D:4      | You fall into a shaft and drop 3 floors!
  3109 | D:7      | 3109 ||| INVOKING Spit Poison.
  3114 | D:7      | 3114 ||| INVOKING Spit Poison.
  3117 | D:7      | 3117 ||| INVOKING Spit Poison.
  3150 | D:7      | 3150 ||| Stepping ~*~*~tactically~*~*~ (outnumbered).
  3152 | D:7      | 3152 ||| Stepping ~*~*~tactically~*~*~ (outnumbered).
  3153 | D:7      | 3153 ||| INVOKING Spit Poison.
  3154 | D:7      | 3154 ||| Stepping ~*~*~tactically~*~*~ (outnumbered).
  3156 | D:7      | 3156 ||| INVOKING Spit Poison.
  3231 | D:7      | Reached skill level 1 in Armour
  3237 | D:7      | 3237 ||| INVOKING Spit Poison.
  3246 | D:7      | 3246 ||| INVOKING Spit Poison.
  3309 | D:7      | 3309 ||| Stepping ~*~*~tactically~*~*~ (outnumbered).
  3310 | D:7      | 3310 ||| INVOKING Spit Poison.
  3313 | D:7      | 3313 ||| INVOKING Spit Poison.
  3316 | D:7      | 3316 ||| INVOKING Spit Poison.
  3319 | D:7      | 3319 ||| INVOKING Spit Poison.
  3320 | D:7      | HP: 13/64 [orc/+0 flail (5)]
  3321 | D:7      | 3321 ||| READING 2 scrolls of teleportation.
  3321 | D:7      | Slain by an orc warrior

Levels and vault maps discovered:
D:1:      kennysheep_arrival_seaside, layout_basic, solitary_fountain,
          hangedman_glass_teeth, minivault_14
D:2:      layout_loops_cross
D:3:      layout_basic, lemuel_coloured_pillars_altar,
          makhleb_altar_promises_db, gammafunk_ghost_split
D:4:      layout_loops_cross, serial_rivers, chequers_serial_rivers_large_b,
          chequers_serial_rivers_marsh, chequers_serial_rivers_small_a,
          chequers_serial_rivers_micro_e, chequers_serial_rivers_micro_c,
          chequers_serial_rivers_room_b, minmay_manual_mares
D:7:      layout_basic, chequers_temple_overflow_minitemple

Skill      XL: |  1  2  3  4  5  6  7 |
---------------+----------------------+-----
Ranged Weapons | 4 5 7 |  7.3
Fighting       | 3 4 |  4.0
Dodging        | 2 |  2.0
Armour         | 1 |  1.0
Stealth        | |  1.5

Action                     |  1- 3 |  4- 6 |  7- 9 || total
---------------------------+-------+-------+-------++-------
   Fire: Shortbow          |    62 |       |       ||    62
         Hand crossbow     |     6 |    25 |    25 ||    56
Ability: Spit Poison       |    31 |    11 |    11 ||    53
    Use: Potion            |     2 |     1 |       ||     3
         Scroll            |     6 |     1 |     1 ||     8
 Armour: Leather armour    |    14 |    12 |     2 ||    28
  Dodge: Dodged            |    14 |     9 |    12 ||    35

Table legend:
 A = Non-vault XP
 B = Vault XP
 C = Vault XP percentage of total XP
 D = Non-vault monster count
 E = Vault monster count
 F = Vault count percentage of total count
                 A         B        C        D         E       F
            +---------+---------+-------+---------+---------+-------
      Total |     736 |     230 |  23.8 |      67 |       2 |   2.9
            +---------+---------+-------+---------+---------+-------
        D:1 |      38 |       0 |   0.0 |      25 |       0 |   0.0
        D:2 |      42 |       0 |   0.0 |      17 |       0 |   0.0
        D:3 |     246 |       0 |   0.0 |       8 |       0 |   0.0
        D:4 |     180 |     230 |  56.1 |       5 |       2 |  28.6
        D:7 |     230 |       0 |   0.0 |      12 |       0 |   0.0
            +---------+---------+-------+---------+---------+-------
